Map: Tokamak LE

Players

herO - Winner!

  • Race: Protoss Protoss
  • Spawn Location: 7:00

Cure

  • Race: Terran Terran
  • Spawn Location: 1:00

Event: Esports World Cup 2025

VOD

Have the link to the VOD?

Description

Time

  • Played on: July 23, 2025, 11:50 a.m.
  • Length: 19:57

All games in this series

Show
View Real Time Build Order
Export as new Build Order

herO Protoss - Winner!

Build Orders: 1 Gate Expand, Phoenix Opening, Blink Stalkers 

Get SALT Encoding   

  12  0:00  Probe  
  13  0:12  Probe  
  14  0:17  Pylon  
  14  0:23  Probe  
  15  0:31  Probe  
  16  0:36  Gateway  
  16  0:39  Probe  
  16  0:45  Assimilator  
  17  0:51  Probe  
  18  1:03  Probe  
  19  1:15  Probe  
  20  1:22  Nexus  
  20  1:31  Cybernetics Core  
  20  1:34  Probe  
  21  1:40  Assimilator  
  21  1:46  Probe  
  22  1:49  Pylon  
  22  1:55  Stalker  
  22  1:58  Probe  
  23  2:07  Warp Gate  
  25  2:10  Probe  
  26  2:22  Probe  
  27  2:23  Phoenix  
  27  2:24  Sentry  
  29  2:30  Probe  
  29  2:34  Probe  
  31  2:38  Probe  
  31  2:43  Twilight Council  
  32  2:46  Probe  
  32  2:47  Stalker  
  32  2:49  Probe  
  32  2:51  Blink  
  36  2:55  Gateway  
  36  2:58  Probe  
  36  3:01  Probe  
  36  3:05  Phoenix  
  38  3:06  Gateway  
  38  3:10  Probe  
  39  3:13  Probe  
  40  3:22  Probe  
  40  3:25  Pylon, Probe  
  42  3:35  Probe  
  42  3:37  Probe  
  44  3:45  Nexus  
  44  3:47  Probe  
  45  3:49  Probe  
  46  3:57  Stalker x2  
  46  4:00  Probe  
  46  4:01  Probe  
  52  4:05  Pylon  
  52  4:10  Forge  
  52  4:13  Probe x2  
  54  4:20  Pylon  
  54  4:25  Pylon, Stalker x2  
  58  4:32  Protoss Ground Armor Level 1  
  58  4:38  Probe x2  
  60  4:41  Pylon  
  60  4:45  Charge  
  60  4:50  Probe x2  
  62  4:58  Gateway x2  
  62  5:03  Probe x2  
  62  5:06  Stalker x2  
  62  5:07  Stalker  
  70  5:13  Probe  
  61  5:15  Probe  
  61  5:16  Probe  
  61  5:20  Phoenix  
  59  5:22  Probe  
  59  5:24  Probe  
  59  5:25  Shield Battery  
  59  5:28  Pylon, Probe  
  62  5:30  Probe  
  62  5:31  Sentry  
  62  5:32  Probe  
  62  5:34  Gateway  
  65  5:37  Gateway  
  65  5:39  Probe  
  65  5:40  Probe  
  65  5:42  Probe  
  68  5:48  Stalker x2  
  72  5:52  Probe  
  72  5:53  Stalker  
  72  5:56  Probe x2  
  76  6:04  Probe  
  76  6:07  Zealot x2  
  81  6:11  Probe  
  81  6:12  Probe, Assimilator  
  81  6:14  Pylon, Assimilator  
  81  6:15  Pylon  
  81  6:16  Probe  
  81  6:18  Zealot x2  
  88  6:26  Probe x2  
  88  6:28  Probe  
  88  6:31  Pylon  
  88  6:32  Pylon, Zealot x3  
  97  6:33  Protoss Ground Weapons Level 1  
  97  6:39  Templar Archives  
  97  6:44  Probe x3  
  99  6:47  Photon Cannon  
  99  6:55  Psionic Storm  
  99  6:57  Zealot x3  
  99  6:58  Pylon x2  
  105  7:06  Zealot x3  
  105  7:07  Pylon  
  111  7:11  Gateway  
  111  7:26  High Templar, Zealot x5  
  111  7:27  Zealot  
  125  7:40  Nexus  
  125  7:43  Pylon  
  125  7:48  Probe x3  
  125  7:51  Photon Cannon  
  128  7:52  Pylon, Shield Battery, High Templar x2  
  132  7:58  Protoss Ground Weapons Level 2  
  132  8:00  Zealot x4  
  140  8:05  High Templar  
  142  8:16  Gateway  
  142  8:17  Gateway  
  142  8:22  Zealot x5  
  142  8:24  Robotics Facility  
  142  8:26  Zealot  
  154  8:27  Zealot  
  150  8:38  Zealot  
  128  8:52  Archon  
  114  9:00  Archon, Zealot  
  114  9:01  Zealot x7  
  96  9:14  Stalker  
  96  9:15  High Templar  
  98  9:19  Robotics Bay, Robotics Facility, Warp Prism  
  94  9:24  High Templar  
  94  9:25  Zealot x7  
  98  9:39  Forge, Probe  
  98  9:40  Probe x3  
  98  9:44  Nexus  
  101  9:48  High Templar, Zealot x5  
  113  9:55  Observer  
  114  10:00  Zealot x4  
  114  10:01  Protoss Ground Armor Level 2  
  114  10:02  Pylon, Extended Thermal Lance  
  114  10:04  Probe x4  
  106  10:22  Colossus  
  106  10:26  Zealot x9  
  122  10:28  Zealot  
  122  10:33  Colossus  
  101  10:54  Assimilator, Zealot x6  
  101  10:56  Probe  
  101  10:57  Probe x2  
  116  10:58  Probe, Assimilator  
  116  11:02  Archon  
  116  11:03  High Templar  
  116  11:04  Zealot x3  
  125  11:11  Pylon, Probe x5  
  130  11:18  Zealot x5  
  130  11:25  Shield Battery  
  140  11:27  Colossus  
  146  11:35  Stalker x4  
  154  11:41  Zealot x3  
  160  11:48  Colossus  
  164  12:00  Stalker x4  
  154  12:08  Zealot x6  
  152  12:09  Archon  
  152  12:10  Colossus  
  152  12:11  Protoss Ground Weapons Level 3  
  116  12:31  High Templar x2, Zealot x3  
  116  12:32  Zealot x5  
  116  12:36  Immortal, Gateway  
  130  12:37  Pylon  
  130  12:38  Gateway  
  132  12:54  Zealot x7  
  132  12:56  Protoss Ground Armor Level 3  
  146  13:11  Pylon  
  146  13:12  Pylon, High Templar x2, Zealot  
  148  13:14  Zealot x7  
  148  13:18  Gateway  
  166  13:22  Immortal x2  
  172  13:37  Nexus  
  170  13:52  Stalker x6, Zealot x2  
  182  13:57  Stalker  
  182  13:59  Stalker  
  186  14:04  Nexus  
  186  14:05  Observer, Warp Prism  
  181  14:28  High Templar, Zealot x6  
  181  14:29  Zealot x3  
  181  14:31  Archon  
  199  14:36  Observer  
  198  14:40  Photon Cannon  
  198  14:41  Shield Battery  
  198  14:45  Nexus  
  198  14:47  Pylon  
  196  14:56  Stalker x5  
  184  15:13  Colossus  
  184  15:14  Colossus  
  159  15:18  High Templar x2, Zealot x6  
  171  15:24  Zealot x3  
  177  15:38  Pylon  
  177  15:44  Stalker x5  
  177  15:48  Shield Battery  
  177  15:49  Photon Cannon  
  161  16:08  High Templar x3, Zealot  
  161  16:09  Zealot x9  
  184  16:11  Immortal  
  184  16:13  Archon  
  152  16:31  Zealot x9  
  169  16:37  Zealot  
  171  16:41  Sentry  
  171  16:43  High Templar, Zealot  
  177  16:49  Archon  
  177  16:52  Zealot x5  
  165  16:57  Stalker x4  
  165  17:17  High Templar, Zealot x8  
  165  17:19  Nexus  
  167  17:26  Warp Prism  
  167  17:33  High Templar, Zealot x3  
  175  17:39  Zealot x6  
  189  17:49  Sentry, Zealot x2  
  195  17:51  Observer  
  194  18:01  Zealot x3  
  200  18:07  Warp Prism  
  200  18:09  Colossus  
  152  18:23  Archon  
  136  18:29  High Templar  
  136  18:30  Zealot x12  
  152  18:53  Nexus  
  152  18:54  High Templar  
  152  18:55  High Templar x2  
  154  19:03  Zealot x10  
  178  19:24  Pylon  
  178  19:25  Zealot x7  
  178  19:29  High Templar  
  178  19:30  Zealot x3  
Show
View Real Time Build Order
Export as new Build Order

Cure Terran 

Build Orders: Cyclone Opening 

Get SALT Encoding   

  12  0:00  SCV  
  13  0:12  SCV  
  14  0:17  Supply Depot  
  14  0:24  SCV  
  15  0:38  SCV  
  15  0:40  Barracks  
  16  0:42  Refinery  
  16  0:50  SCV  
  17  1:03  SCV  
  18  1:15  SCV  
  19  1:28  Orbital Command  
  20  1:39  Command Center  
  19  1:41  Marine  
  20  1:55  Factory  
  20  1:57  SCV  
  21  2:05  Refinery  
  21  2:09  SCV  
  21  2:14  Supply Depot, Barracks Tech Lab  
  22  2:21  SCV  
  23  2:35  SCV  
  24  2:43  Marine  
  25  2:44  Cyclone  
  25  2:47  SCV  
  25  2:48  Starport  
  29  2:52  Orbital Command  
  29  2:57  Orbital Command  
  29  2:59  SCV  
  29  3:01  Barracks Reactor  
  30  3:07  Barracks  
  30  3:11  SCV  
  31  3:23  SCV  
  31  3:24  SCV  
  31  3:26  Medivac  
  35  3:28  Factory Tech Lab  
  35  3:32  Supply Depot  
  35  3:35  SCV  
  35  3:36  SCV  
  35  3:38  Marine x2  
  39  3:47  SCV, Siege Tank  
  39  3:48  Supply Depot, SCV  
  44  3:56  Marine x2  
  44  3:59  SCV  
  44  4:00  Marine, SCV  
  49  4:08  Barracks  
  49  4:11  SCV  
  49  4:12  Supply Depot, SCV  
  49  4:14  Liberator  
  54  4:22  Marine x3  
  54  4:23  SCV  
  58  4:24  SCV  
  59  4:32  Supply Depot  
  59  4:36  SCV x2  
  64  4:39  Stimpack  
  64  4:40  Marine x3  
  64  4:45  Engineering Bay  
  64  4:47  Bunker  
  64  4:48  SCV x2  
  66  4:58  Marine  
  66  4:59  Marine  
  69  5:00  SCV x2  
  69  5:07  Marauder, Factory Reactor, Marine  
  72  5:08  Combat Shield  
  72  5:12  SCV x2  
  70  5:16  Marine  
  70  5:20  Medivac  
  66  5:24  Refinery x2, Marine, SCV  
  66  5:25  Supply Depot, SCV  
  69  5:28  Marauder  
  69  5:35  Command Center  
  69  5:36  Marine  
  69  5:40  Terran Infantry Weapons Level 1  
  69  5:42  Marine  
  70  5:43  SCV x2  
  70  5:49  Marine  
  74  5:54  Factory Reactor, Starport Reactor  
  74  5:58  Barracks x2  
  74  6:02  Marine  
  74  6:04  SCV x2  
  76  6:05  Supply Depot  
  76  6:07  Marine  
  78  6:14  Marine x2  
  78  6:16  Supply Depot  
  80  6:20  SCV x2  
  80  6:23  Supply Depot  
  80  6:24  Concussive Shells  
  83  6:26  Marauder  
  83  6:27  Marauder  
  83  6:31  Marine  
  83  6:32  Marine, SCV x2  
  90  6:35  Supply Depot  
  90  6:36  Medivac x2  
  90  6:38  Widow Mine x2  
  98  6:44  SCV x2  
  100  6:47  Marauder  
  100  6:48  Marauder  
  100  6:49  Marine x2  
  100  6:51  Barracks Tech Lab, Barracks Reactor  
  106  6:56  SCV x2  
  106  6:59  Supply Depot  
  106  7:00  Missile Turret, Supply Depot  
  106  7:01  Widow Mine x2  
  112  7:07  Marine x2  
  112  7:08  Marauder  
  112  7:09  Marauder, SCV x2  
  118  7:17  Marauder, Medivac x2  
  118  7:21  Orbital Command  
  124  7:32  SCV x2  
  124  7:33  Marauder x2  
  124  7:35  Terran Infantry Armor Level 1  
  129  7:39  Marauder  
  129  7:41  Marine x4  
  129  7:42  Widow Mine x2  
  135  7:44  SCV x2  
  137  7:52  Medivac x2  
  141  7:59  Engineering Bay, Armory  
  141  8:02  Marauder x2  
  141  8:03  Supply Depot  
  145  8:05  Marine x4  
  145  8:12  Refinery  
  149  8:13  Refinery  
  149  8:17  Supply Depot  
  149  8:18  Supply Depot  
  149  8:25  Marauder, SCV  
  149  8:26  SCV x2  
  154  8:27  Command Center  
  154  8:33  Viking  
  156  8:37  Ghost Academy  
  156  8:38  Viking  
  158  8:41  Sensor Tower  
  158  8:46  Marine x4  
  158  8:47  Marauder x3  
  158  8:51  Widow Mine  
  158  8:52  Widow Mine  
  113  9:04  Marine x4  
  113  9:06  Medivac  
  113  9:07  SCV  
  113  9:08  Marauder x3  
  122  9:22  Marine  
  118  9:28  Ghost, Marine x3  
  118  9:29  Ghost x2, SCV x2  
  118  9:31  SCV  
  129  9:32  Medivac  
  131  9:40  Marine  
  131  9:42  Terran Infantry Weapons Level 2  
  129  9:51  Command Center, Widow Mine x2  
  133  9:57  Ghost  
  136  10:00  Marine x4  
  136  10:03  Ghost  
  143  10:07  SCV x2  
  143  10:08  SCV  
  144  10:17  Barracks  
  144  10:18  Barracks, Marine x4  
  144  10:19  Marauder  
  144  10:20  Barracks  
  135  10:26  Marauder  
  134  10:29  Terran Infantry Armor Level 2  
  134  10:31  Marine, Medivac  
  134  10:33  Widow Mine  
  132  10:36  Marine x4  
  132  10:40  Marauder  
  126  10:43  SCV x3  
  126  10:45  Medivac  
  126  10:48  Marauder  
  126  10:49  Marine  
  134  11:00  Terran Ship Weapons Level 1  
  134  11:01  Ghost, Starport  
  134  11:02  Marine x4  
  139  11:04  SCV  
  139  11:05  SCV x2  
  139  11:07  Medivac  
  144  11:17  Barracks Tech Lab  
  144  11:18  Barracks Tech Lab, Barracks Reactor  
  142  11:21  Ghost, Marine x4  
  142  11:22  Marauder  
  151  11:25  Planetary Fortress  
  151  11:26  SCV  
  151  11:28  SCV  
  152  11:36  Supply Depot  
  152  11:37  Marauder, Sensor Tower  
  154  11:43  Viking  
  154  11:45  Viking  
  158  11:49  Viking  
  160  11:56  Marauder, Marine x3  
  160  11:57  Sensor Tower  
  160  11:59  Marauder, Marine  
  150  12:09  Viking  
  150  12:12  Marauder x2  
  150  12:13  Viking  
  150  12:15  Viking  
  158  12:19  Marine x2  
  158  12:20  Marauder, Marine x3  
  122  12:30  SCV  
  122  12:31  SCV x3  
  122  12:33  Marauder x3  
  132  12:41  Terran Infantry Weapons Level 3  
  132  12:48  Marauder x2  
  136  12:57  Ghost x2  
  142  13:00  Medivac  
  144  13:07  SCV x3  
  144  13:08  Refinery, SCV  
  144  13:09  Refinery  
  144  13:12  Ghost  
  151  13:24  Medivac  
  151  13:25  Medivac  
  151  13:26  Medivac  
  157  13:29  SCV x4  
  161  13:35  Sensor Tower  
  161  13:38  Viking  
  163  13:50  Ghost x2, Marine x4  
  163  13:51  Marauder x3  
  163  13:53  Marine x2  
  181  14:04  Sensor Tower  
  181  14:07  Medivac  
  181  14:08  Viking, Marine x2  
  187  14:11  Ghost  
  187  14:12  Marauder x2, Marine x2  
  187  14:16  Marine x2  
  195  14:21  Marauder  
  195  14:22  Marauder  
  194  14:28  Marine x2  
  194  14:29  Medivac  
  194  14:30  Marine  
  195  14:34  Terran Infantry Armor Level 3  
  195  14:51  Marauder  
  195  14:52  Marauder  
  195  14:54  Marauder, Ghost  
  196  15:04  Viking, Marine  
  196  15:05  Ghost  
  189  15:07  Marine x4  
  189  15:08  Marine  
  189  15:12  Ghost  
  189  15:13  Ghost  
  185  15:15  Marauder  
  185  15:17  Viking x2  
  187  15:22  Marine  
  187  15:23  Marauder, Viking  
  187  15:25  Marine  
  193  15:35  Marauder  
  195  15:45  Orbital Command  
  195  15:50  Sensor Tower  
  195  15:59  Marauder, Viking  
  195  16:01  Marauder  
  196  16:15  Marine  
  196  16:16  Marine x3  
  196  16:17  Marine x2  
  196  16:18  Marauder, Viking  
  195  16:19  Marauder x2, Viking x2  
  195  16:21  Marauder  
  196  16:36  Marine x3  
  196  16:48  Marine  
  196  16:51  Viking  
  196  16:52  Marauder x2, Viking x3, Marine x4  
  196  16:53  Marauder  
  180  16:55  Marauder  
  180  16:57  Marine  
  176  17:06  Fusion Core  
  174  17:11  Marauder  
  174  17:12  Ghost  
  174  17:13  Marauder, Ghost  
  181  17:21  Viking x2  
  181  17:22  Viking x2  
  161  17:23  Ghost, Marine x2  
  161  17:28  Marine  
  158  17:31  Ghost  
  158  17:34  Marauder  
  160  17:42  Marauder  
  160  17:43  Marauder  
  164  17:51  Viking  
  166  18:02  Orbital Command  
  166  18:03  Supply Depot  
  166  18:10  Supply Depot  
  166  18:11  Ghost x2  
  161  18:15  Marine x2  
  161  18:16  Marauder  
  117  18:31  Marine x2  
  117  18:32  Marauder  
  114  18:38  Medivac  
  116  18:45  Medivac  
  116  18:47  Medivac x2  
  121  18:49  Marine  
  121  18:51  Marine  
  122  19:02  Ghost  
  125  19:14  Marauder, Marine x2  
  125  19:15  Marine  
  128  19:20  Marauder  
  130  19:26  Marine  
  130  19:27  Marauder  
Tags
 
Add a new tag
Caveats
  • Supply blocks, unpowered buildings, or Contaminate may cause inaccurate times.
  • Supply counts are checked every 10 seconds.